 Dungeon Crawl Stone Soup version 0.30-a0-1043-g60ff8d5f49 (webtiles) character file.

Game seed: 521662982160879060

17 Arcadio the Grave Robber (level 2, -3/19 HPs)
             Began as a Human Necromancer on Apr 9, 2023.
             Succumbed to a kobold's poison
             ... on level 1 of the Dungeon.
             The game lasted 00:01:26 (505 turns).

Arcadio the Grave Robber (Human Necromancer)         Turns: 505, Time: 00:01:27

Health: -3/19      AC:  6    Str:  8    XL:     2   Next: 80%
Magic:  5/5        EV: 12    Int: 15    God:
Gold:   30         SH:  0    Dex: 13    Spells: 4/5 levels left

rFire   . . .      SeeInvis .    h - +0 dagger
rCold   . . .      Faith    .    (no shield)
rNeg    . . .      Spirit   .    a - +0 robe
rPois   .          Reflect  .    (no helmet)
rElec   .          Rampage  .    (no cloak)
rCorr   .                        (no gloves)
Will    .....                    (no boots)
Stlth   ++                       g - amulet of magic regeneration
HPRegen 0.23/turn                f - +4 ring of protection
MPRegen 0.49/turn                (no ring)

@: lethally poisoned (-3 -> -24)
A: no striking features
a: no special abilities


You were on level 1 of the Dungeon.
You visited 1 branch of the dungeon, and saw 1 of its levels.

You collected 30 gold pieces.

Inventory:

Hand Weapons
 h - a +0 dagger (weapon)
Armour
 a - a +0 robe (worn)
Magical Staves
 d - a staff of fire
Jewellery
 f - a +4 ring of protection (left hand)
 g - an amulet of magic regeneration (around neck)
Scrolls
 c - a scroll of amnesia {unknown}
 i - a scroll of teleportation {unknown}
 j - a scroll of enchant weapon {unknown}
Potions
 b - a potion of magic
 e - 2 potions of attraction {unknown}
 k - a potion of flight {unknown}


   Skills:
 + Level 2.4 Dodging
 - Level 2.0 Stealth
 + Level 2.3 Spellcasting
 + Level 4.2 Necromancy


You had 4 spell levels left.
You knew the following spells:

 Your Spells              Type           Power      Damage    Failure   Level
a - Necrotise             Necr           56%        1d6       3%          1

Your spell library contained the following spells:

 Spells                   Type           Power      Damage    Failure   Level
 Vampiric Draining        Necr           14%        2d7       12%         3
 Animate Dead             Necr           14%        N/A       36%         4
 Agony                    Necr           14%        N/A       71%         5


Dungeon Overview and Level Annotations

Branches:
Dungeon (1/15) Zot: 5492

Altars:


Message History

A rat comes into view.
You barely miss the rat. The rat misses you.
You hit the rat.
You kill the rat!
j - a scroll labelled YGO SEPPOTTI
k - a puce potion A kobold comes into view.
It is wielding a +0 short sword.
The kobold shouts!
You hit the kobold.
The kobold is heavily wounded.
The kobold closely misses you.
You barely miss the kobold.
The kobold is heavily wounded.
The kobold hits you with a +0 short sword.
You hit the kobold.
You kill the kobold!
You see here a +0 short sword.
A kobold comes into view.
It is wielding a +2 short sword of venom.
The kobold shouts!
The kobold hits you with a +2 short sword of venom.
You are poisoned.
You miss the kobold. You punch the kobold.
The kobold is moderately wounded.
You feel very sick. The kobold closely misses you.
You hit the kobold.
The kobold is severely wounded.
You feel very sick. The kobold hits you but does no damage.
You are lethally poisoned!
You closely miss the kobold.
The kobold is severely wounded.
You feel very sick. The kobold hits you but does no damage.
You are more poisoned.
You hit the kobold.
You kill the kobold!
* * * LOW HITPOINT WARNING * * *
You feel very sick.
You die...

## ###### ## ### .
.....# #.# #^.
..##.# #.#.#
#.##.# #@# ##
#.##)# #.# .#
#.##.# #.#
.###.##.########.#
.................#
.######.#.########
.######.#.#
......#.#.#
#####.#.#.#


There were no monsters in sight!

Vanquished Creatures
  2 endoplasms (D:1)
  A goblin (D:1)
  A hobgoblin (D:1)
  2 ball pythons (D:1)
  3 bats (D:1)
  A frilled lizard (D:1)
  4 kobolds (D:1)
  4 rats (D:1)
18 creatures vanquished.

Notes
Turn   | Place    | Note
-------+----------+-------------------------------------------
     0 | D:1      | Arcadio the Human Necromancer began the quest for the Orb.
     0 | D:1      | Reached XP level 1. HP: 13/13 MP: 3/3
   158 | D:1      | Reached XP level 2. HP: 19/19 MP: 5/5
   505 | D:1      | Succumbed to a kobold's poison

Illustrated notes

Levels and vault maps discovered:
D:1:      dpeg_arrival_long_road, layout_loops_ring

Action                     || total
---------------------------++-------
  Melee: Staff             ||    20
         Unarmed           ||     4
         Punch             ||     2
         Dagger            ||    18
   Cast: Necrotise         ||     5
   Stab: Sleeping          ||     2
 Armour: Robe              ||    18
  Dodge: Dodged            ||    34

Table legend: (Time is in decaauts)
 A = Elapsed time spent in this place.
 B = Non-inter-level travel time spent in this place.
 C = Inter-level travel time spent in this place.
 D = Time resting spent in this place.
 E = Time spent auto-exploring this place.
 F = Levels seen in this place.
 G = Mean time per level.
                   A        B        C        D        E       F      G
               +--------+--------+--------+--------+--------+-----+--------+
         Total |    507 |    507 |      0 |      0 |    345 |   1 |  507.0 |
       Dungeon |    507 |    507 |      0 |      0 |    345 |   1 |  507.0 |
               +--------+--------+--------+--------+--------+-----+--------+

Top non-repeatable levels by time:
     D:1: 507 daAuts
